 Dungeon Crawl Stone Soup version 0.32-a0-292-g751ec8d2e7 (webtiles) character file.

Game seed: 6338509351653860475

1771545 EnegeticOcto the Wild Mountain Dwarf (level 24, 210/224 HPs)
             Began as a Mountain Dwarf Berserker on Feb 14, 2024.
             Was a High Priest of Trog.
             Escaped with the Orb
             ... and 3 runes!
             The game lasted 01:31:44 (58192 turns).

EnegeticOcto the Wild Mountain Dwarf (MDBe)        Turns: 58192, Time: 01:31:44

Health: 210/224    AC: 48    Str: 29 (30) XL:     24   Next: 86%
Magic:  37/37      EV: 14    Int:  9      God:    Trog [*****.]
Gold:   4273       SH: 17    Dex: 15 (18) Spells: 23/23 levels left

rFire   + + .        w - +10 broad axe "Udiorph" {flame, rF+ rN++ Str+3 Dex+3}
rCold   + . .        U - +2 kite shield
rNeg    + + +        V - +15 plate armour of Toethrig {Int+2 Dex+2}
rPois   +            Z - +2 helmet {SInv}
rElec   +            R - +2 cloak {Will+}
rCorr   .            H - +2 pair of gloves
SInv    +            n - +2 pair of boots of the Shrike {Slay+3}
Will    +++..        f - amulet of regeneration Stlth
                     I - ring "Tuahoyco" {rF+ Str+3}
HPRegen 1.37/turn    L - ring of Xicaas {rElec rPois rN+++ AC+4 Int-5 SInv}
MPRegen 0.25/turn

%: no passive effects
@: studying Polearms
A: runic magic, artefact enchanting, cold resistance 1, deformed body,
deterioration 1
0: Orb of Zot
}: 3/15 runes: decaying, silver, gossamer
a: Renounce Religion, Berserk, Trog's Hand, Brothers in Arms


You escaped.
You worshipped Trog.
Trog was extremely pleased with you.
You visited 9 branches of the dungeon, and saw 47 of its levels.
You also visited: Gauntlet, Volcano and Wizlab.

You collected 7172 gold pieces.
You spent 2899 gold pieces at shops.

Inventory:

Hand Weapons
 e - a +5 antimagic broad axe
   (Trog gifted it to you on level 3 of the Vaults)
 w - the +10 broad axe "Udiorph" (weapon) {flame, rF+ rN++ Str+3 Dex+3}
   (Trog gifted it to you on level 3 of the Depths)

   Str+3:     It affects your strength (+3).
   Dex+3:     It affects your dexterity (+3).
   rF+:       It protects you from fire.
   rN++:      It greatly protects you from negative energy.
 X - a +2 short sword of distortion
   (You took it off Sonja on level 2 of the Lair of Beasts)
Missiles
 c - 2 throwing nets {!f}
 h - 2 silver javelins
 y - 12 boomerangs (quivered)
 J - 11 curare-tipped darts
Armour
 n - the +2 pair of boots of the Shrike (worn) {Slay+3}
   (You found it on level 3 of the Elven Halls)

   Slay+3:    It affects your accuracy & damage with ranged weapons and melee
   (+3).
 H - a +2 pair of gloves (worn)
   (You found it on level 4 of the Dungeon)
 R - a +2 cloak of willpower (worn)
   (You found it on level 4 of the Swamp)
 U - a +2 kite shield (worn)
   (You took it off a gnoll sergeant on level 10 of the Dungeon)
 V - the +15 plate armour of Toethrig (worn) {Int+2 Dex+2}
   (You bought it in a shop on level 2 of the Orcish Mines)

   Int+2:     It affects your intelligence (+2).
   Dex+2:     It affects your dexterity (+2).
 Z - a +2 helmet of see invisible (worn)
   (You found it on level 3 of the Elven Halls)
Jewellery
 f - an amulet of regeneration (around neck)
   (You found it on level 2 of the Dungeon)
 v - the ring "Muerph" {rC+ rCorr}
   (You found it on level 3 of the Depths)

   [ring of resist corrosion]

   rC+:       It protects you from cold.
   rCorr:     It protects you from acid and corrosion.
 G - the ring "Faepp" {+Blink EV+5 Str+3 Int-2}
   (You took it off a deep elf annihilator on level 3 of the Elven Halls)

   [ring of evasion]

   EV+5:      It affects your evasion (+5).
   Str+3:     It affects your strength (+3).
   Int-2:     It affects your intelligence (-2).
   +Blink:    It lets you blink.
 I - the ring "Tuahoyco" (left hand) {rF+ Str+3}
   (You took it off a deep elf elementalist on level 3 of the Elven Halls)

   [ring of protection from fire]

   Str+3:     It affects your strength (+3).
   rF+:       It protects you from fire.
 L - the ring of Xicaas (right hand) {rElec rPois rN+++ AC+4 Int-5 SInv}
   (You took it off a deep elf sorcerer on level 3 of the Elven Halls)

   [ring of protection]

   AC+4:      It affects your AC (+4).
   Int-5:     It affects your intelligence (-5).
   rElec:     It insulates you from electricity.
   rPois:     It protects you from poison rN+++: It renders you almost immune to
   negative energy.
   SInv:      It lets you see invisible.
 Y - the amulet of Kiastovi {Faith Dex+3}
   (You took it off a yaktaur captain on level 4 of the Vaults)

   [amulet of faith]

   Faith:     It allows you to gain divine favour quickly.
   Dex+3:     It affects your dexterity (+3).
Wands
 b - a wand of polymorph (10)
   (You found it on level 14 of the Dungeon)
 k - a wand of digging (4) {@v3}
   (You found it on level 3 of the Depths)
 B - a wand of mindburst (38)
   (You found it on level 14 of the Dungeon)
 E - a wand of acid (20) {@v1}
   (You found it in a volcano)
 F - a wand of iceblast (25) {@v2}
   (You found it on level 4 of the Dungeon)
 K - a wand of charming (22)
   (You found it on level 8 of the Dungeon)
Scrolls
 m - 2 scrolls of fog {!r}
 o - 5 scrolls of poison {!r}
 q - 3 scrolls of blinking {@r4}
 z - 6 scrolls of vulnerability
 A - 9 scrolls of teleportation {@r3 !r}
 D - 8 scrolls of fear {!r}
 N - 8 scrolls of immolation
 S - 3 scrolls of summoning {!r}
 W - a scroll of silence {!r}
Potions
 a - 2 potions of might {@q3 !q}
 d - 10 potions of lignification {@q6}
 g - a potion of cancellation
 i - 25 potions of curing {@q1 !q}
 r - 6 potions of resistance
 t - 6 potions of ambrosia
 u - 8 potions of attraction
 x - 5 potions of haste {@q4 !q}
 C - 18 potions of heal wounds {@q2 !q}
 M - 10 potions of mutation
 O - 2 potions of invisibility
 P - 2 potions of enlightenment
Miscellaneous
 j - a phantom mirror
   (You found it in a Gauntlet)
 l - a phial of floods
   (You found it in a Gauntlet)
 p - a sack of spiders
   (You found it on level 2 of the Vaults)
 s - a lightning rod (4/4)
   (You found it on level 15 of the Dungeon)
 T - a condenser vane
   (You found it on level 12 of the Dungeon)


   Skills:
 - Level 20.0 Fighting
 - Level 20.0 Axes
 + Level 14.6 Throwing
 - Level 20.0 Armour
 + Level 13.4 Dodging
 - Level 20.0 Shields
 - Level 20.1 Invocations
 - Level 14.0 Evocations


You had 23 spell levels left.
You didn't know any spells.
Your spell library was empty.

Dungeon Overview and Level Annotations

Branches:
Dungeon (15/15)            Temple (0/1) D:5            Lair (5/5) D:10
  Swamp (4/4) Lair:2       Spider (4/4) Lair:2        Slime (0/5) Lair:4
    Orc (2/2) D:10            Elf (3/3) Orc:2        Vaults (5/5) D:14
  Crypt (0/3) Vaults:3     Depths (4/4) D:15            Zot (5/5) Depths:4
Volcano (visited)          WizLab (visited)         Gauntlet (visited)

Altars:
Dithmenos
Elyvilon
Fedhas
Sif Muna
Uskayaw
Vehumet
Wu Jian
Xom
Zin
Beogh

Shops:
Orc:2 !=[**   Elf:3 (!?

Portals:
Hell: Depths:1 Depths:2 Depths:3 Depths:4
Abyss: Vaults:2 Depths:1 Depths:2 Depths:3
Pandemonium: Depths:2
Ziggurat: Depths:2
Trove: D:10 (give +4 fire dragon scales)

Annotations:
D:8 1 runed translucent door
D:15 4 transporters
Lair:1 2 transporters, exclusion: oklob plant, SkaryMonk's ghost, journeyman AtWr
Elf:1 1 runed translucent door, exclusion: door, Struensee's ghost, adept MiBe
Elf:2 3 runed translucent doors
Vaults:2 2 transporters
Depths:1 exclusion: orange crystal statue
Depths:2 exclusions: daeva and 4 more exclusions
Zot:5 1 exclusion


Innate Abilities, Weirdness & Mutations

Your spellcasting is much less encumbered by armour.
You can use scrolls of enchantment on lesser artefacts.
Your flesh is cold resistant. (rC+)
Armour fits poorly on your strangely shaped body.
Your body sometimes deteriorates upon taking damage.


Message History

(D) Dungeon (T) Temple (L) Lair (S) Swamp (N) Spider Nest (M) Slime Pits (O) Orcish Mines (E) Elven Halls (V) Vaults (C) Crypt (U) Depths (H) Hell (Z) Zot
Where to? (Tab/Enter - D:1 @ (x,y), ? - help)
There is a stone staircase leading up here.
You climb upwards.
There is a stone staircase leading down here.
There is a stone staircase leading up, spattered with blood here.
You climb upwards.
There is a stone staircase leading down here.
A large abomination comes into view.
Unknown command.
A large abomination comes into view.
An Executioner comes into view.
The Executioner gives a hideous shriek!
There is a stone staircase leading up here.
You climb upwards.
There is a stone staircase leading down here.
(D) Dungeon (T) Temple (L) Lair (S) Swamp (N) Spider Nest (M) Slime Pits (O) Orcish Mines (E) Elven Halls (V) Vaults (C) Crypt (U) Depths (H) Hell (Z) Zot
Where to? (Tab/Enter - D:1 @ (x,y), ? - help)
There is a stone staircase leading up here.
You climb upwards.
There is a stone staircase leading down here.
Zualoc comes into view. It is armed with a venomous touch.
Unknown command.
Zualoc gestures at you. The bolt of negative energy misses you.
Zualoc gestures at you.
The bolt of negative energy hits you but does no damage.
You resist.
You see here an iguana skeleton.
Blink to where?
Press: ? - help, Dir - move target
As you read the scroll of blinking {@r4}, it crumbles to dust.
You climb upwards.
There is a stone staircase leading down here.
(D) Dungeon (T) Temple (L) Lair (S) Swamp (N) Spider Nest (M) Slime Pits (O) Orcish Mines (E) Elven Halls (V) Vaults (C) Crypt (U) Depths (H) Hell (Z) Zot
Where to? (Tab/Enter - D:1 @ (x,y), ? - help)
A hell beast comes into view.
Unknown command.
Unknown command.
You see here a +0 club.
The hell beast bites you but does no damage.
The hell beast barely misses you.
The hell beast attacks as it pursues you!
The hell beast bites you but does no damage.
You block the hell beast's attack.
The hell beast attacks as it pursues you!
The hell beast barely misses you. The hell beast tramples you!
You hold your ground!
You block the hell beast's attack. x2
The hell beast attacks as it pursues you!
The hell beast closely misses you.
The hell beast tramples you but does no damage.
You block the hell beast's attack. x3; The hell beast closely misses you.
There is a stone staircase leading up here.
You block the hell beast's attack. x2
You climb upwards.
There is a stone staircase leading down here.
You cut the hell beast into ribbons!!! You burn the hell beast!!
The hell beast is almost dead.
You block the hell beast's attack. x2
You slash the hell beast! You burn the hell beast.
The hell beast is almost dead.
You block the hell beast's attack. x2
You slice the hell beast!! You burn the hell beast.
You kill the hell beast!
Trog accepts your kill.
No target in view!
(D) Dungeon (T) Temple (L) Lair (S) Swamp (N) Spider Nest (M) Slime Pits (O) Orcish Mines (E) Elven Halls (V) Vaults (C) Crypt (U) Depths (H) Hell (Z) Zot
Where to? (Tab/Enter - D:1 @ (x,y), ? - help)
Things that are here:
a jackal skeleton; a jackal skeleton
There is a stone staircase leading up here.
You climb upwards.
There is a stone staircase leading down here.
An ice devil comes into view.
Unknown command.
A hellion comes into view.
The hellion gives a hideous shriek!
The hellion gestures at you.
The sphere of damnation explodes!
The damnation engulfs you!!
A neqoxec comes into view.
The neqoxec shouts!
Blink to where?
Press: ? - help, Dir - move target
As you read the scroll of blinking {@r4}, it crumbles to dust.
Blink to where?
Press: ? - help, Dir - move target
As you read the scroll of blinking {@r4}, it crumbles to dust.
You have escaped!

######.# ##.........# ##.## #.#
#.###.##### #...#### #.# #.....#
#####.......
#######.######.#.#.###...........
...........#.........############
#######.####.#.#.#.#.#### #
#.#......#.#......# #
#.##.#.###.###.#.## #
#.##......@......##########
#.##.#.###.###.#.#.........
#........#.#.......########
#####.####.#.#.#.#.##### #
#.....).##.........#..####### #
#.#####.####.#.#.###........# #
#.# #.####.....# ########.# #.#
#)...#.###.##########.# ###.#
#.####.# #............#


There were no monsters in sight!

Vanquished Creatures
  4 dread liches
  3 ancient liches
  2 orbs of fire (Zot:5)
  Margery (Vaults:3)
  3 golden dragons
  A bone dragon (Depths:4)
  The ghost of Dueck the Warrior, an adept DjHW of Gozag (Vaults:2)
  An electric golem (Zot:5)
  Zenata (Vaults:4)
  12 tentacled monstrosities
  A lich (Depths:1)
  21 Orb Guardians (Zot:5)
  3 deep elf blademasters (Elf:3)
  9 sphinxes
  9 titans (Vaults:5)
  4 quicksilver dragons
  A searing wretch (Vaults:3)
  5 ancient champions (WizLab)
  4 deep elf master archers (Elf:3)
  2 death cobs
  An Executioner (Vaults:2)
  5 storm dragons
  4 shadow dragons
  4 tengu reavers (Vaults:5)
  A draconian monk (Zot:1)
  5 fire giants
  2 protean progenitors (Zot:4)
  9 emperor scorpions
  3 draconian knights
  2 draconian shifters (Zot:1)
  6 frost giants
  8 deep elf sorcerers
  21 vault wardens
  6 deep elf elementalists
  4 ghost moths
  2 draconian stormcallers
  A caustic shrike zombie (WizLab)
  2 draconian scorchers
  3 orc warlords
  3 spectral caustic shrikes (WizLab)
  A cacodemon (Vaults:2)
  A reaper (Depths:1)
  A juggernaut skeleton (Depths:1)
  10 very ugly things
  21 ironbound preservers
  A draconian annihilator (Zot:3)
  5 formless jellyfish
  3 eleionomae
  8 ironbound thunderhulks
  3 green draconians
  8 stone giants
  A vampire knight (Depths:4)
  A spectral titan (WizLab)
  A white draconian (Zot:1)
  9 deep elf death magi
  3 deep elf demonologists
  6 yellow draconians
  A broodmother (Spider:3)
  7 black draconians
  4 halazid warlocks (WizLab)
  4 purple draconians
  6 war gargoyles
  7 deep elf annihilators
  3 spark wasps
  8 bunyips
  8 dire elephants
  3 eidola (WizLab)
  4 crystal guardians
  17 ettins
  An ettin (shapeshifter) (Vaults:5)
  Josephine (D:10)
  A blizzard demon (Depths:2)
  A spectral quicksilver dragon (WizLab)
  7 fire dragons
  A jiangshi (WizLab)
  12 yaktaur captains
  4 entropy weavers
  9 great orbs of eyes
  5 deep elf high priests
  Harold (D:10)
  7 ice dragons
  3 rakshasas
  33 vault guards
  3 jorogumos
  24 hydras
  3 spriggan air magi
  4 ghost crabs
  An ogre mage (Vaults:5)
  4 catoblepae
  3 peacekeepers
  2 hell beasts
  3 radroaches
  Erica (D:8)
  6 alligators
  6 ironbound frosthearts
  11 two-headed ogres
  9 dancing weapons
  7 death yaks
  4 deep troll shamans
  A hell hog (Depths:1)
  11 centaur warriors
  6 boulder beetles
  A sphinx skeleton (Depths:1)
  2 tengu warriors
  2 vampire magi
  2 titan zombies (WizLab)
  3 occultists
  4 orc high priests
  7 deep troll earth magi
  6 demonic crawlers
  17 hell knights
  12 deep elf knights
  Sonja (Lair:2)
  3 spriggan berserkers
  A shock serpent (shapeshifter) (Vaults:2)
  10 spriggans
  7 sun demons
  A shadow wraith (WizLab)
  3 soul eaters (Depths:1)
  11 skeletal warriors
  4 iron trolls
  3 goliath frogs
  6 glowing orange brains
  7 pharaoh ants
  A sixfirhy (Gauntlet)
  3 sun moths
  6 flayed ghosts
  8 deep elf archers
  2 spark wasp zombies (WizLab)
  12 swamp dragons
  9 orb spiders
  8 arcanists
  7 phantasmal warriors
  A swamp dragon (shapeshifter) (Depths:4)
  A mana viper (shapeshifter) (Vaults:3)
  A deep troll (shapeshifter) (Vaults:5)
  11 bog bodies
  A steelbarb worm (shapeshifter) (Vaults:3)
  Pikel (D:8)
  An obsidian statue (Volcano)
  2 wolf spider zombies (WizLab)
  9 steelbarb worms
  6 necromancers
  17 lindwurms
  5 harpies (Vaults:2)
  63 deep trolls
  14 orc knights
  26 wolf spiders
  24 deep elf pyromancers
  13 ironbound convokers
  24 deep elf zephyrmancers
  A spectral spriggan (WizLab)
  A will-o-the-wisp (Swamp:4)
  9 moths of wrath
  6 orc sorcerers
  5 cyclopes
  30 ugly things
  A cyclops (shapeshifter) (D:15)
  A manticore (shapeshifter) (Vaults:5)
  3 manticores
  A salamander (Depths:1)
  A guardian serpent (Lair:5)
  19 elephants
  7 kobold blastminers
  9 black mambas
  16 vault sentinels
  A water nymph (shapeshifter) (Vaults:2)
  An eye of devastation (Lair:4)
  2 torpor snails (shapeshifter)
  12 cane toads
  8 torpor snails
  A centaur skeleton (D:15)
  A smoke demon (Depths:1)
  Joseph (D:11)
  A kobold demonologist (D:11)
  15 yaktaurs
  An unseen horror (D:12)
  10 komodo dragons
  A tormentor (Zot:5)
  2 freezing wraiths
  3 hellions (Depths:1)
  A minotaur zombie (Gauntlet)
  A rime drake (Lair:5)
  A spectral harpy (WizLab)
  Psyche (D:8)
  2 tengu conjurers
  7 trolls
  A burning bush (Lair:5)
  A harpy zombie (WizLab)
  A polar bear (Lair:5)
  A bloated husk (Swamp:2)
  25 tarantellas
  15 hornets
  A glass eye (shapeshifter) (Vaults:5)
  Grinder (D:3)
  22 blink frogs
  14 tyrant leeches
  10 dream sheep
  A glass eye (Lair:4)
  A spriggan zombie (Depths:1)
  29 slime creatures
  3 centaur simulacra
  27 jumping spiders
  A shadow (D:10)
  32 culicivoras
  5 water elementals
  5 air elementals
  6 wyverns
  A vampire (D:14)
  5 wraiths
  16 yaks
  4 basilisks
  7 fire bats (Volcano)
  3 fire elementals
  3 wargs
  A tarantella (shapeshifter) (Depths:4)
  A steam dragon (Volcano)
  22 vampire mosquitoes
  51 redbacks
  9 acid dragons
  12 swamp worms
  19 water moccasins
  A hell hound (Volcano)
  32 orc warriors
  11 swamp drakes
  An ice beast (D:6)
  8 ogres
  2 sky beasts (D:6)
  11 wolves
  13 laughing skulls
  7 boggarts
  9 centaurs
  A phantom (D:5)
  3 kobold brigands
  6 bullfrogs
  2 gnoll sergeants
  A scorpion (D:5)
  An earth elemental (Elf:3)
  3 wights (D:9)
  5 killer bees (D:8)
  3 howler monkeys (D:11)
  4 electric eels
  A bombardier beetle (D:6)
  A wyvern simulacrum (Gauntlet)
  4 lava snakes (Volcano)
  26 orc priests
  4 hounds
  4 jellies
  Crazy Yiuf (D:3)
  A sleepcap (D:7)
  3 iguanas
  A hell rat (Lair:5)
  32 orc wizards
  A boggart skeleton (D:15)
  9 gnolls
  8 adders
  A shadow imp (D:7)
  A white imp (D:3)
  7 ufetubi
  A ribbon worm (D:3)
  3 dart slugs
  81 orcs
  14 ball pythons
  4 endoplasms
  3 giant cockroaches
  5 hobgoblins
  11 jackals
  11 kobolds
  A quokka (D:1)
  3 bats
  2 frilled lizards
  10 goblins
  7 rats
  An aspiring flesh (Zot:4)
1844 creatures vanquished.

Vanquished Creatures (collateral kills)
  An orb of fire (Zot:5)
  Saint Roka (Elf:3)
  A Killer Klown (Zot:5)
  An electric golem (Zot:5)
  Rupert (Orc:2)
  A tentacled monstrosity (Vaults:2)
  A deep elf sorcerer (Elf:3)
  A vault warden (Vaults:2)
  An orc warlord (Orc:1)
  An ironbound preserver (Vaults:5)
  A deep elf demonologist (Vaults:5)
  A white draconian (Zot:5)
  A minotaur (Gauntlet)
  A crystal guardian (Vaults:2)
  A yaktaur captain (Vaults:5)
  2 hydras
  A catoblepas (Lair:5)
  An alligator (Swamp:2)
  A boulder beetle (Lair:4)
  3 death yaks (Lair:5)
  2 spriggans (Swamp:2)
  A pharaoh ant (Spider:2)
  3 skeletal warriors (D:14)
  2 deep elf pyromancers (Elf:3)
  A large abomination (Vaults:2)
  A cyclops (D:14)
  A salamander (shapeshifter) (Vaults:5)
  2 worldbinders (Vaults:2)
  A black mamba (Lair:5)
  3 cane toads (Lair:5)
  2 komodo dragons
  4 hornets
  A hornet (shapeshifter) (Vaults:2)
  2 blink frogs (Lair:5)
  3 dream sheep (Lair:5)
  A water elemental (D:14)
  2 wyverns (Lair:5)
  8 yaks
  9 water moccasins
  4 orc warriors (Orc:1)
  4 hell rats (Lair:5)
80 creatures vanquished.

Vanquished Creatures (others)
  A curse toe (Zot:1)
  A fire giant (Vaults:5)
  A demonspawn black sun (Zot:5)
  A red draconian (Zot:1)
  A green draconian (Zot:3)
  A deep elf annihilator (Elf:2)
  A lorocyproca (Zot:5)
  A wretched star (Vaults:2)
  2 moths of wrath
  An elephant (Zot:4)
  A cane toad (Lair:5)
  A gargoyle (Gauntlet)
  A tarantella (Spider:4)
  5 bloated husks
  A water elemental (Elf:1)
  A hell rat (Lair:5)
  A kobold (D:3)
  10 foxfires (Swamp:4)
  A spectral weapon (Gauntlet)
33 creatures vanquished.

Grand Total: 1957 creatures vanquished

Notes
Turn   | Place    | Note
-------+----------+-------------------------------------------
     0 | D:1      | EnegeticOcto the Mountain Dwarf Berserker began the quest
                  | for the Orb.
     0 | D:1      | Reached XP level 1. HP: 19/19 MP: 1/1
    71 | D:1      | Reached skill level 4 in Axes
   132 | D:1      | Reached XP level 2. HP: 18/26 MP: 2/2
   456 | D:1      | Reached XP level 3. HP: 29/33 MP: 3/3
  1021 | D:2      | Reached ** piety under Trog
  1022 | D:2      | Reached skill level 4 in Fighting
  1022 | D:2      | Reached skill level 5 in Axes
  1022 | D:2      | Found a glowing silver altar of Zin.
  1055 | D:2      | Found a faded altar of an unknown god.
  1093 | D:2      | Reached XP level 4. HP: 38/40 MP: 4/4
  1576 | D:3      | Noticed Grinder
  1590 | D:3      | Killed Grinder
  1591 | D:3      | Reached skill level 5 in Fighting
  1591 | D:3      | Reached skill level 7 in Axes
  1591 | D:3      | Reached XP level 5. HP: 48/48 MP: 5/5
  1591 | D:3      | Reached XP level 6. HP: 56/56 MP: 6/6
  1811 | D:3      | Reached skill level 1 in Shields
  2243 | D:3      | Reached XP level 7. HP: 53/61 MP: 7/7
  2322 | D:3      | Found a runed translucent door.
  2323 | D:3      | Noticed Crazy Yiuf
  2329 | D:3      | Killed Crazy Yiuf
  2330 | D:3      | Reached skill level 8 in Axes
  2592 | D:4      | Reached *** piety under Trog
  2593 | D:4      | Reached skill level 2 in Shields
  3054 | D:5      | Entered Level 5 of the Dungeon
  3130 | D:5      | Reached skill level 6 in Fighting
  3177 | D:5      | Reached skill level 3 in Shields
  3234 | D:5      | Reached skill level 9 in Axes
  3301 | D:5      | Found a staircase to the Ecumenical Temple.
  3384 | D:5      | Reached XP level 8. HP: 38/71 MP: 8/8
  3683 | D:6      | Reached skill level 4 in Shields
  3684 | D:6      | Reached skill level 10 in Axes
  3735 | D:6      | Reached **** piety under Trog
  3829 | D:6      | Found a white marble altar of Elyvilon.
  3849 | D:6      | Found a shadowy altar of Dithmenos.
  3923 | D:6      | Reached skill level 7 in Fighting
  4444 | D:7      | Reached skill level 1 in Evocations
  4619 | D:7      | Reached skill level 3 in Armour
  4716 | D:7      | Reached skill level 2 in Evocations
  4989 | D:7      | Reached XP level 9. HP: 73/79 MP: 9/9
  5016 | D:7      | Reached skill level 11 in Axes
  5222 | D:8      | Noticed Erica
  5240 | D:8      | Killed Erica
  5241 | D:8      | Reached skill level 4 in Armour
  5241 | D:8      | Reached skill level 3 in Evocations
  5247 | D:8      | Noticed a troll
  5270 | D:8      | Killed a troll
  5271 | D:8      | Reached skill level 8 in Fighting
  5271 | D:8      | Reached skill level 12 in Axes
  5372 | D:8      | Noticed a komodo dragon
  5393 | D:8      | Killed a komodo dragon
  5394 | D:8      | Reached skill level 4 in Evocations
  5430 | D:8      | Found a runed translucent door.
  5430 | D:8      | Noticed a sixfirhy
  5595 | D:8      | Identified a scroll of acquirement
  5596 | D:8      | Acquired the +6 chain mail "Sinni" {rElec rF+}
  5673 | D:8      | Noticed Pikel
  5691 | D:8      | Killed Pikel
  5692 | D:8      | Reached skill level 13 in Axes
  5692 | D:8      | Reached XP level 10. HP: 90/90 MP: 10/10
  5853 | D:8      | Noticed Psyche
  5855 | D:8      | Killed Psyche
  6008 | D:9      | Reached skill level 5 in Armour
  6074 | D:9      | Reached skill level 9 in Fighting
  6502 | D:9      | Reached ***** piety under Trog
  6698 | D:10     | Entered Level 10 of the Dungeon
  6759 | D:10     | Identified the amulet "Mauwkeu" {Regen+ Str-3 Int+8 Dex-5}
  6850 | D:10     | Noticed a two-headed ogre
  6859 | D:10     | Killed a two-headed ogre
  6860 | D:10     | Reached skill level 14 in Axes
  6864 | D:10     | Found a transporter.
  7015 | D:10     | Found a transporter.
  7094 | D:10     | Found a staircase to the Lair.
  7111 | D:10     | Reached skill level 6 in Armour
  7162 | D:10     | Found a staircase to the Orcish Mines.
  7162 | D:10     | Noticed a two-headed ogre
  7202 | D:10     | Killed a two-headed ogre
  7231 | D:10     | Reached skill level 5 in Shields
  7450 | D:10     | Reached XP level 11. HP: 99/99 MP: 11/11
  7478 | D:10     | You fall into a shaft and drop 2 floors!
  7600 | D:12     | Noticed a boulder beetle
  7606 | D:12     | Reached skill level 10 in Fighting
  7841 | D:10     | Found a portal to a secret trove of treasure.
  8134 | D:10     | Reached skill level 6 in Shields
  8279 | Lair:1   | Entered Level 1 of the Lair of Beasts
  8286 | Lair:1   | Reached skill level 15 in Axes
  8294 | Lair:1   | Reached skill level 7 in Armour
  8492 | Lair:1   | Reached skill level 7 in Shields
  8746 | Lair:1   | Noticed a catoblepas
  8746 | Lair:1   | Noticed an eight-headed hydra
  8757 | Lair:1   | Noticed a lindwurm
  8863 | Lair:1   | Noticed an oklob plant
  8865 | Lair:1   | Noticed SkaryMonk's ghost (journeyman AtWr)
  8931 | Lair:1   | Found a transporter.
  8961 | Lair:1   | Killed a catoblepas
  8994 | Lair:1   | Killed a lindwurm
  8995 | Lair:1   | Reached skill level 8 in Shields
  9011 | Lair:1   | Found a transporter.
  9293 | Lair:1   | Killed an eight-headed hydra
  9464 | Lair:2   | Noticed Sonja
  9466 | Lair:2   | Killed Sonja
  9467 | Lair:2   | Reached skill level 16 in Axes
  9467 | Lair:2   | Reached XP level 12. HP: 108/108 MP: 12/12
  9503 | Lair:2   | Reached skill level 8 in Armour
  9610 | Lair:2   | Reached skill level 9 in Shields
  9697 | Lair:2   | Reached skill level 11 in Fighting
 10245 | Lair:2   | Found a hole to the Spider Nest.
 10786 | Lair:3   | Reached skill level 10 in Shields
 11055 | Lair:3   | Reached skill level 11 in Shields
 11206 | Lair:3   | Reached skill level 12 in Fighting
 11716 | Lair:4   | Noticed a boulder beetle
 11716 | Lair:4   | Noticed a seven-headed hydra
 11721 | Lair:4   | Killed a seven-headed hydra
 11722 | Lair:4   | Reached skill level 12 in Shields
 11724 | Lair:4   | Killed a boulder beetle
 11809 | Lair:4   | Noticed a four-headed hydra
 11819 | Lair:4   | Killed an eight-headed hydra
 11820 | Lair:4   | Reached XP level 13. HP: 84/119 MP: 13/13
 11937 | Lair:4   | Reached skill level 13 in Shields
 12076 | Lair:4   | Reached skill level 13 in Fighting
 12372 | Lair:4   | Found a staircase to the Slime Pits.
 12493 | Lair:4   | Reached skill level 14 in Shields
 12975 | Lair:5   | Entered Level 5 of the Lair of Beasts
 12986 | Lair:5   | Reached skill level 14 in Fighting
 13065 | Lair:5   | Found a dark tunnel.
 13105 | Lair:5   | Reached skill level 15 in Fighting
 13149 | Volcano  | Entered a volcano
 13311 | Volcano  | Noticed a fire dragon
 13351 | Volcano  | Killed a fire dragon
 13387 | Volcano  | Found a burning altar of Makhleb.
 13581 | Volcano  | Reached XP level 14. HP: 94/136 MP: 14/14
 13665 | Volcano  | Reached skill level 16 in Fighting
 14365 | Lair:5   | Reached skill level 17 in Fighting
 14601 | Lair:5   | Paralysed by a hornet for 1 turns
 14908 | Lair:5   | Identified the +1 barding of Undesirable Species {Regen+
                  | SInv Stlth+}
 15041 | Lair:5   | Reached skill level 18 in Fighting
 15494 | Lair:5   | Received a gift from Trog
 15527 | Lair:5   | Reached skill level 19 in Fighting
 15879 | D:11     | Noticed Josephine
 15933 | D:10     | Killed Josephine
 15962 | D:11     | Noticed Harold
 16202 | D:10     | Killed Harold
 16427 | D:11     | Noticed Joseph
 16468 | D:11     | Killed Joseph
 17023 | Orc:1    | Entered Level 1 of the Orcish Mines
 17148 | Orc:1    | Noticed an orc warlord
 17172 | Orc:1    | Killed an orc warlord
 17208 | Orc:1    | Reached XP level 15. HP: 146/155 MP: 15/15
 17233 | Orc:1    | Received a gift from Trog
 17347 | Orc:1    | Found a roughly hewn altar of Beogh.
 17545 | Orc:2    | Entered Level 2 of the Orcish Mines
 17552 | Orc:2    | Reached skill level 20 in Fighting
 17582 | Orc:2    | Found Aevank's Alliterative Armaments.
 17650 | Orc:2    | Found Cuentolebb's General Store.
 17707 | Orc:2    | Gained mutation: Your flesh is cold resistant. (rC+) [a
                  | neqoxec]
 17708 | Orc:2    | Gained mutation: Armour fits poorly on your strangely
                  | shaped body. [a neqoxec]
 17710 | Orc:2    | Reached skill level 9 in Armour
 17729 | Orc:2    | Found Ijoet's Jewellery Boutique.
 17731 | Orc:2    | Found Tutuas Myfi's Antique Armour Boutique.
 17733 | Orc:2    | Found Idokhugudu's Distillery.
 17741 | Orc:2    | Bought a potion of heal wounds for 70 gold pieces
 17741 | Orc:2    | Bought a potion of might for 56 gold pieces
 17751 | Orc:2    | Bought a pair of steaming gloves for 266 gold pieces
 17751 | Orc:2    | Identified the -2 pair of gloves of the Catamount {^Contam
                  | Rampage rN+} (You bought it in a shop on level 2 of the
                  | Orcish Mines)
 17751 | Orc:2    | Bought a distressingly furry plate armour for 784 gold
                  | pieces
 17751 | Orc:2    | Identified the +15 plate armour of Toethrig {Int+2 Dex+2}
                  | (You bought it in a shop on level 2 of the Orcish Mines)
 17753 | Orc:2    | Bought a scroll of identify for 28 gold pieces
 17753 | Orc:2    | Bought a potion of curing for 42 gold pieces
 17764 | Orc:2    | Bought a ring of poison resistance for 240 gold pieces
 18006 | Orc:2    | Noticed Rupert
 18013 | Orc:2    | Killed Rupert
 18039 | Orc:2    | Found a staircase to the Elven Halls.
 18534 | Orc:1    | Reached skill level 17 in Axes
 18913 | D:12     | Reached skill level 10 in Armour
 18937 | D:12     | Identified the +0 cloak of Baette Zaer {Dex+4}
 19288 | D:13     | Found a gate leading to a gauntlet.
 19296 | Gauntlet | Entered a Gauntlet
 19296 | Gauntlet | Found a transporter.
 19308 | Gauntlet | Found a transporter.
 19308 | Gauntlet | Found a transporter.
 19309 | Gauntlet | Found a transporter.
 19317 | Gauntlet | Found a transporter.
 19320 | Gauntlet | Found a transporter.
 19321 | Gauntlet | Found a transporter.
 19331 | Gauntlet | Found a transporter.
 19333 | Gauntlet | Found a transporter.
 19334 | Gauntlet | Found a transporter.
 19342 | Gauntlet | Found a transporter.
 19345 | Gauntlet | Found a transporter.
 19346 | Gauntlet | Found a transporter.
 19354 | Gauntlet | Found a transporter.
 19529 | Gauntlet | Reached skill level 2 in Dodging
 19570 | Gauntlet | Identified the +7 glaive of the Fool {spect, rC+ Int+4}
 19718 | Gauntlet | Identified the +4 shortbow "Nuce" {elec, *Slow Int+2 Dex+4}
 20020 | D:13     | Received a gift from Trog
 20025 | D:13     | Reached skill level 5 in Evocations
 20692 | D:14     | Found a shimmering blue altar of Sif Muna.
 20923 | D:14     | Reached skill level 3 in Dodging
 20924 | D:14     | Found a gate to the Vaults.
 20950 | D:14     | Identified the +9 orcbow of Dishonesty {heavy, +Blink Will-
                  | Int-4 Dex+8}
 21282 | D:14     | Reached XP level 16. HP: 162/162 MP: 16/16
 21297 | D:14     | Reached skill level 6 in Evocations
 21409 | D:15     | Entered Level 15 of the Dungeon
 21490 | D:15     | Found a staircase to the Depths.
 21558 | D:15     | Reached skill level 11 in Armour
 21648 | D:15     | Found a transporter.
 21652 | D:15     | Found a transporter.
 22028 | D:15     | Reached skill level 4 in Dodging
 22045 | D:15     | Found a transporter.
 22125 | D:15     | Found a transporter.
 22286 | D:15     | Reached skill level 15 in Shields
 22567 | Spider:1 | Entered Level 1 of the Spider Nest
 22576 | Spider:1 | Reached skill level 7 in Evocations
 22589 | Spider:1 | Reached skill level 18 in Axes
 22669 | Spider:1 | Received a gift from Trog
 22916 | Spider:1 | Found a hide-covered altar of Uskayaw.
 22980 | Spider:1 | Reached ****** piety under Trog
 23119 | Spider:1 | Received a gift from Trog
 23142 | Spider:1 | Reached skill level 8 in Evocations
 23157 | Spider:1 | Reached skill level 5 in Dodging
 23158 | Spider:1 | Reached skill level 12 in Armour
 24930 | Spider:2 | Reached XP level 17. HP: 143/170 MP: 17/17
 25180 | Spider:3 | Reached skill level 9 in Evocations
 25229 | Spider:3 | Received a gift from Trog
 25306 | Spider:3 | Paralysed by a jorogumo for 2 turns
 25558 | Spider:3 | Reached skill level 16 in Shields
 25734 | Spider:3 | Reached skill level 6 in Dodging
 26180 | Spider:4 | Entered Level 4 of the Spider Nest
 26523 | Spider:4 | Reached skill level 13 in Armour
 26903 | Spider:4 | Reached skill level 10 in Evocations
 27746 | Spider:4 | Received a gift from Trog
 27899 | Spider:4 | Reached skill level 7 in Dodging
 28020 | Spider:4 | Got a gossamer rune of Zot
 28180 | Lair:2   | Found a staircase to the Swamp.
 28221 | Swamp:1  | Entered Level 1 of the Swamp
 28365 | Swamp:1  | You fall into a shaft and drop 1 floor!
 28604 | Swamp:2  | Reached skill level 11 in Evocations
 28615 | Swamp:2  | Noticed a tentacled monstrosity
 28625 | Swamp:2  | Killed a tentacled monstrosity
 28629 | Swamp:2  | Reached XP level 18. HP: 175/178 MP: 18/18
 29034 | Swamp:2  | Reached skill level 14 in Armour
 29140 | Swamp:1  | Reached skill level 17 in Shields
 30515 | Swamp:3  | Identified the -2 pair of gloves "Osyol" {MP+9}
 31115 | Swamp:4  | Entered Level 4 of the Swamp
 31347 | Swamp:4  | Received a gift from Trog
 31356 | Swamp:4  | Reached skill level 8 in Dodging
 31386 | Swamp:4  | Reached skill level 12 in Evocations
 32523 | Swamp:4  | Reached skill level 15 in Armour
 32570 | Swamp:4  | Got a decaying rune of Zot
 32984 | Elf:1    | Entered Level 1 of the Elven Halls
 33013 | Elf:1    | Found a runed translucent door.
 33023 | Elf:1    | Found a radiant altar of Vehumet.
 33150 | Elf:1    | Received a gift from Trog
 33165 | Elf:1    | Reached skill level 18 in Shields
 33299 | Elf:1    | Identified the +6 spear of Conservatism {freeze, ^Drain
                  | rCorr MP+9}
 33471 | Elf:1    | Found a shimmering altar of Xom.
 33471 | Elf:1    | Noticed Struensee's ghost (adept MiBe)
 33473 | Elf:1    | Identified the +6 halberd of Liululurch {chaos, rElec MP+9
                  | Int+2 Stlth+}
 33728 | Elf:1    | Reached skill level 13 in Evocations
 34059 | Elf:2    | Found a runed translucent gate.
 34059 | Elf:2    | Found a runed translucent gate.
 34060 | Elf:2    | Found a runed translucent gate.
 34154 | Elf:2    | Reached XP level 19. HP: 153/185 MP: 19/19
 34162 | Elf:2    | Received a gift from Trog
 34481 | Elf:3    | Entered Level 3 of the Elven Halls
 34553 | Elf:3    | Found Teafam's Distillery.
 34556 | Elf:3    | Found Wachuzus's Weapon Shoppe.
 34565 | Elf:3    | Bought a potion of invisibility for 136 gold pieces
 34565 | Elf:3    | Bought a potion of invisibility for 136 gold pieces
 34565 | Elf:3    | Bought 2 potions of heal wounds for 170 gold pieces
 34689 | Elf:3    | Reached skill level 16 in Armour
 34737 | Elf:3    | Found Yttem's Magic Scroll Shop.
 34774 | Elf:3    | Bought a scroll of teleportation for 42 gold pieces
 34774 | Elf:3    | Bought a scroll of teleportation for 42 gold pieces
 34774 | Elf:3    | Bought a scroll of summoning for 133 gold pieces
 34946 | Elf:3    | Received a gift from Trog
 35061 | Elf:3    | Identified the +6 rapier "Omoyca" {flame, rF- rN+ Str+2}
 35243 | Elf:3    | Identified the +1 scale mail "Weduqag" {-Tele rPois Int+3}
 35259 | Elf:3    | Identified the ring of Ezxev {rPois rF- rCorr Int+5 SInv}
 35454 | Elf:3    | Identified the +3 lajatang of Impeachment {freeze, Int+3}
 35454 | Elf:3    | Identified the ring "Faepp" {+Blink EV+5 Str+3 Int-2}
 35470 | Elf:3    | Reached skill level 14 in Evocations
 35536 | Elf:3    | Noticed Saint Roka
 35560 | Elf:3    | Killed Saint Roka
 35636 | Elf:3    | Identified the +4 falchion of Etau {drain, Dex+3}
 35646 | Elf:3    | Reached skill level 19 in Shields
 36107 | Elf:3    | Identified the ring of Xicaas {rElec rPois rN+++ AC+4 Int-5
                  | SInv}
 36145 | Elf:3    | Identified the ring "Tuahoyco" {rF+ Str+3}
 36198 | Elf:3    | Reached skill level 17 in Armour
 36202 | Elf:3    | Identified the +0 pair of boots of the Shrike {Slay+3}
 36250 | Elf:3    | Identified the staff "Som Amn" {rF+ rC++ Fire}
 36251 | Elf:3    | Identified the +1 short sword of Toov {antimagic, rElec rF+
                  | rN+ Str+3}
 36258 | Elf:3    | Identified the staff of Looqeel {rPois Str+2 Hexes Alchemy}
 36292 | Elf:3    | Found the +7 Spriggan's Knife {stab, EV+4 Stlth+}
 36841 | Elf:3    | Bought a potion of heal wounds for 85 gold pieces
 36841 | Elf:3    | Bought a potion of resistance for 170 gold pieces
 36841 | Elf:3    | Bought a potion of curing for 51 gold pieces
 36859 | Elf:3    | Bought a scroll of fog for 56 gold pieces
 37389 | Orc:2    | Bought a potion of invisibility for 112 gold pieces
 37389 | Orc:2    | Bought a potion of curing for 42 gold pieces
 37389 | Orc:2    | Bought a potion of resistance for 140 gold pieces
 37389 | Orc:2    | Bought a potion of might for 56 gold pieces
 37389 | Orc:2    | Bought a potion of curing for 42 gold pieces
 37579 | Vaults:1 | Entered Level 1 of the Vaults
 37586 | Vaults:1 | Reached skill level 1 in Invocations
 37766 | Vaults:1 | Reached skill level 2 in Invocations
 38212 | Vaults:1 | Reached skill level 3 in Invocations
 38563 | Vaults:1 | Received a gift from Trog
 38712 | Vaults:2 | Found a transporter.
 38742 | Vaults:2 | Found a transporter.
 38743 | Vaults:2 | Noticed Dueck's ghost (adept DjHW)
 38754 | Vaults:2 | Reached skill level 4 in Invocations
 38765 | Vaults:2 | Reached XP level 20. HP: 156/193 MP: 23/23
 38772 | Vaults:2 | Killed Dueck's ghost
 38869 | Vaults:2 | Found a one-way gate to the infinite horrors of the Abyss.
 39014 | Vaults:2 | Reached skill level 5 in Invocations
 39546 | Vaults:2 | Reached skill level 20 in Shields
 39546 | Vaults:2 | Reached skill level 6 in Invocations
 39660 | Vaults:2 | Received a gift from Trog
 39672 | Vaults:2 | Reached skill level 9 in Dodging
 39874 | Vaults:2 | Reached skill level 7 in Invocations
 39875 | Vaults:2 | Reached skill level 19 in Axes
 39878 | Vaults:2 | Reached skill level 18 in Armour
 40100 | Vaults:2 | Paralysed by a formless jellyfish for 1 turns
 40458 | Vaults:3 | Reached skill level 8 in Invocations
 40609 | Vaults:3 | Found the +8 storm bow {elec, penet}
 40862 | Vaults:3 | Received a gift from Trog
 40981 | Vaults:3 | Reached skill level 9 in Invocations
 40984 | Vaults:3 | Reached skill level 1 in Throwing
 41102 | Vaults:3 | Noticed Margery
 41462 | Vaults:3 | Reached XP level 21. HP: 201/201 MP: 27/27
 41487 | Vaults:3 | Killed Margery
 41518 | Vaults:3 | Paralysed by a formless jellyfish for 1 turns
 41542 | Vaults:3 | Found a staircase to the Crypt.
 41806 | Vaults:3 | Reached skill level 2 in Throwing
 42284 | Vaults:4 | Noticed an ancient lich
 42304 | Vaults:4 | Killed an ancient lich
 42317 | Vaults:4 | Reached skill level 10 in Dodging
 42330 | Vaults:4 | Reached skill level 10 in Invocations
 42331 | Vaults:4 | Received a gift from Trog
 42332 | Vaults:4 | Identified the +4 flail of Eternal Night {elec, Fly Int+3}
 42332 | Vaults:4 | Identified the amulet of Kiastovi {Faith Dex+3}
 42343 | Vaults:4 | Reached skill level 3 in Throwing
 42514 | Vaults:4 | Reached skill level 20 in Axes
 42783 | Vaults:4 | Reached skill level 19 in Armour
 42904 | Vaults:4 | Reached skill level 4 in Throwing
 42924 | Vaults:4 | Reached skill level 11 in Invocations
 42993 | Vaults:4 | Noticed Zenata
 43004 | Vaults:4 | Killed Zenata
 43034 | Vaults:4 | Received a gift from Trog
 43657 | Vaults:4 | Identified the +6 rapier of Aramig {venom, rElec Int+2
                  | Dex-5}
 43909 | Depths:1 | Entered Level 1 of the Depths
 44095 | Depths:1 | Reached skill level 5 in Throwing
 44335 | Depths:1 | Reached skill level 12 in Invocations
 44345 | Depths:1 | Received a gift from Trog
 44385 | Depths:1 | Reached XP level 22. HP: 155/209 MP: 31/31
 44718 | Depths:1 | Reached skill level 11 in Dodging
 44934 | Depths:1 | Found a gateway to Hell.
 45059 | Depths:1 | Found an ornate altar of the Wu Jian Council.
 45126 | Depths:1 | Identified the ring "Xadiqot" {rPois rF- Str+2 Int+2
                  | Stlth+}
 45431 | Depths:2 | Found a magical portal.
 45440 | WizLab   | Entered Borgnjor's Mausoleum
 45881 | WizLab   | Reached skill level 6 in Throwing
 45984 | WizLab   | Reached skill level 13 in Invocations
 46012 | WizLab   | Received a gift from Trog
 46140 | WizLab   | Reached skill level 20 in Armour
 47097 | Depths:2 | Found a one-way gateway to a ziggurat.
 47181 | Depths:2 | Found a one-way gate leading to the halls of Pandemonium.
 47292 | Depths:2 | Reached skill level 7 in Throwing
 47491 | Depths:2 | Reached skill level 14 in Invocations
 48184 | Depths:3 | Found a blossoming altar of Fedhas.
 48369 | Depths:3 | Identified the +10 broad axe "Udiorph" {flame, rF+ rN++
                  | Str+3 Dex+3} (Trog gifted it to you on level 3 of the
                  | Depths)
 48369 | Depths:3 | Received a gift from Trog
 48609 | Depths:3 | Identified the ring "Muerph" {rC+ rCorr}
 48850 | Depths:4 | Entered Level 4 of the Depths
 49194 | Depths:4 | Reached skill level 12 in Dodging
 49333 | Depths:4 | Reached skill level 8 in Throwing
 49484 | Depths:4 | Reached skill level 15 in Invocations
 49630 | Depths:4 | Noticed a golden dragon
 49642 | Depths:4 | Killed a golden dragon
 49774 | Depths:4 | Received a gift from Trog
 49816 | Depths:4 | Noticed a golden dragon
 49834 | Depths:4 | Killed a golden dragon
 49860 | Depths:4 | Found a gate to the Realm of Zot.
 49900 | Depths:4 | Reached XP level 23. HP: 215/215 MP: 34/34
 50297 | Vaults:5 | Entered Level 5 of the Vaults
 50416 | Vaults:5 | Identified the +6 glaive "Dishuuf" {vamp, Will+}
 50420 | Vaults:5 | Reached skill level 9 in Throwing
 50463 | Vaults:5 | Reached skill level 16 in Invocations
 50936 | Vaults:5 | Received a gift from Trog
 50990 | Vaults:5 | Identified the +2 spear "Qehioc" {heavy, Str+3 Dex+4}
 51136 | Vaults:5 | Reached skill level 17 in Invocations
 51152 | Vaults:5 | Noticed a dread lich
 51167 | Vaults:5 | Killed a dread lich
 51168 | Vaults:5 | Reached skill level 10 in Throwing
 51375 | Vaults:5 | Reached skill level 18 in Invocations
 51388 | Vaults:5 | Received a gift from Trog
 51719 | Vaults:5 | Noticed an ancient lich
 51735 | Vaults:5 | Killed an ancient lich
 51736 | Vaults:5 | Reached skill level 11 in Throwing
 52151 | Vaults:5 | Reached skill level 19 in Invocations
 52464 | Vaults:5 | Identified the +2 leather armour of Perpetual Drought
                  | {Rampage rPois rF- rCorr}
 52468 | Vaults:5 | Got a silver rune of Zot
 53047 | Zot:1    | Entered Level 1 of the Realm of Zot
 53083 | Zot:1    | Noticed a curse toe
 53160 | Zot:1    | Reached XP level 24. HP: 212/224 MP: 36/36
 53185 | Zot:1    | Reached skill level 12 in Throwing
 53530 | Zot:3    | Reached skill level 20 in Invocations
 53901 | Zot:4    | Received a gift from Trog
 53997 | Zot:5    | Entered Level 5 of the Realm of Zot
 54002 | Zot:5    | Reached skill level 13 in Throwing
 54334 | Zot:5    | Noticed an orb of fire
 56713 | Zot:5    | Noticed an orb of fire
 56735 | Zot:5    | Killed an orb of fire
 56765 | Zot:5    | Noticed an orb of fire
 56773 | Zot:5    | Noticed a Killer Klown
 56777 | Zot:5    | Noticed a dread lich
 56782 | Zot:5    | Killed an orb of fire
 56782 | Zot:5    | Noticed a dread lich
 56783 | Zot:5    | Noticed a dread lich
 56785 | Zot:5    | Noticed an orb of fire
 56788 | Zot:5    | Killed a dread lich
 56790 | Zot:5    | Gained mutation: Your body sometimes deteriorates upon
                  | taking damage. [an orb of fire]
 56795 | Zot:5    | Killed a dread lich
 56800 | Zot:5    | Killed an orb of fire
 56801 | Zot:5    | Reached skill level 14 in Throwing
 56810 | Zot:5    | Killed a dread lich
 56811 | Zot:5    | Killed a Killer Klown
 56812 | Zot:5    | Reached skill level 13 in Dodging
 56860 | Zot:5    | Noticed an ancient lich
 56876 | Zot:5    | Killed an ancient lich
 57603 | Zot:5    | Got the Orb of Zot
 57610 | Zot:5    | Noticed a Killer Klown
 57610 | Zot:5    | Noticed an orb of fire
 57611 | Zot:5    | Noticed a dread lich
 57835 | Depths:3 | Noticed Semuaf the pandemonium lord
 57863 | Depths:2 | Noticed Ilak Wao the pandemonium lord
 58110 | D:4      | Noticed Zualoc the pandemonium lord
 58192 | D:$      | Escaped with the Orb!

Illustrated notes

Levels and vault maps discovered:
D:1:      roderic_chinese_lattice_arrival, layout_loops_ring
D:2:      layout_loops_ring, shapermc_ecumenical_altar_acropolis, basic_altar
D:3:      layout_rooms, uniq_crazy_yiuf_cottage, uniq_grinder
D:4:      layout_rooms
D:5:      layout_rooms, minmay_temple_entry_large_hall
D:6:      layout_basic, mainiacjoe_overflow_swirl
D:7:      layout_basic, kennysheep_generic_room_16
D:8:      cheibrodos_shockbox, layout_loops_ring, uniq_pikel, uniq_erica,
          uniq_psyche
D:9:      layout_loops_cross
D:10:     gammafunk_cloud_chamber, layout_long_grid, david_lair_shrubbed,
          kennysheep_orc_monster_closet_entryway, nicolae_trove_entry_columns
D:11:     layout_small_grid, sword_in_stone, uniq_josephine
D:12:     layout_cave_pools
D:13:     layout_stronghold, gauntlet_entry_generic, minmay_checkerbox
D:14:     layout_irregular_city, hellmonk_vaults_order_and_chaos,
          kennysheep_big_empty_room, nicolae_sif_muna_little_library
D:15:     grunt_enter_depths_magical_seal, layout_long_grid,
          serial_bayou_shore_a, nicolae_transporter_circle
Lair:1:   layout_cave_pods, nzn_ghost_randoct, grunt_megastairs_3
Lair:2:   layout_small_grid, nicolae_swamp_entry_splash_gauntlet,
          nicolae_spider_entry_tight_spaces, uniq_sonja
Lair:3:   layout_gridlike
Lair:4:   layout_gridlike, minmay_slime_entry_eyes, grunt_megastairs_4,
          lemuel_fruit_tree, infiniplex_staircase_pool_2
Lair:5:   hangedman_lair_tendril_chambers, layout_gridlike, wormcave,
          nicolae_volcano_entry_lava_flow, serial_bayou_lagoon_a,
          evilmike_ambush [evilmike_ambush_outer_pillars,
          evilmike_ambush_inner_basic]
Swamp:1:  layout_basic_swamp, nicolae_swamp_ascending_descending
Swamp:2:  layout_falls_marsh, hangedman_swamp_cone, swamp_pool_1_2
Swamp:3:  layout_basic_swamp, evilmike_swamp_ruin_house_3, swamp_pool_5
Swamp:4:  grunt_swamp_rune_castle, layout_basic_swamp
Spider:1: layout_spider_delve, nicolae_spider_altar_of_dancing
Spider:2: layout_chambers
Spider:3: layout_spider_delve, hangedman_spider_tarantella_strand
Spider:4: grunt_spider_rune_circles, nicolae_spider_swamp_cousins
Orc:1:    orc_temple, layout_caves
Orc:2:    st_orc_elflike, layout_caves, monkooky_shop_alliterative, uniq_rupert
Elf:1:    layout_loops_ring, ebering_ghost_xom, minmay_elf_sorcery,
          serial_sigils_hangedman_quiver, lemuel_statue_altar,
          grunt_megastairs_2
Elf:2:    elven_hall_of_blades_hangedman_original [nicolae_blade_lattice],
          layout_geoelf_diagonals, nicolae_elf_blasts_and_bolts
Elf:3:    minmay_elf_hall_furrowed, layout_rooms, serial_shops, shop, shop,
          shop, uniq_saint_roka
Vaults:1: nicolae_vaults_swerve, v_alt_pattern_6, nicolae_vaults_wine_cellar,
          grunt_vaults_swirl, ontoclasm_vaults_pinch, vaults_mumra_minichess,
          hangedman_vaults_stretched_pinwheel, vaults_mumra_chevron_long,
          v_alt_pattern_3, v_misc_28, layout_vaults_big_cross
Vaults:2: gammafunk_ghost_abyssal_escape, hangedman_vaults_cutoff,
          nicolae_vaults_circle_grid_a, nicolae_vaults_closet_pinwheel_5,
          ontoclasm_vaults_ring_square, ontoclasm_vaults_misaligned,
          nicolae_vaults_murder_corner, hangedman_vaults_maws,
          nicolae_vaults_big_ls, dpeg_vaults_monster_box,
          nicolae_vaults_tetromino_L_1, nicolae_vaults_mini_display_case,
          layout_vaults_big_room
Vaults:3: nicolae_vaults_hexular_roomagon, v_misc_11,
          vaults_room_hangedman_quadrants, vaults_room_stairs_pillars,
          nicolae_vaults_heart-shaped_vault, nicolae_vaults_closet_pinwheel_6,
          grunt_vaults_hallway_short, grunt_vaults_hallway_short,
          ontoclasm_vaults_loading_screen, nicolae_vaults_yaktaur_gun_rack,
          nicolae_vaults_octothorpe, ontoclasm_vaults_spin,
          nicolae_vaults_tetromino_T_2, nicolae_vaults_double_plus_1,
          layout_vaults_omnigrid, dummy_crypt_entry, uniq_margery
Vaults:4: ontoclasm_vaults_tryst, v_pattern_3, nicolae_vaults_gold_heap,
          vaults_mumra_hex, nicolae_vaults_tetromino_T_1, v_alt_pattern_6,
          v_misc_33, vaults_dpeg_cross, nicolae_vaults_ring_of_whatevers,
          v_rooms_2, nicolae_vaults_storage_closets_1,
          nicolae_vaults_whirlpool_walls, nicolae_vaults_tetromino_Z_1,
          layout_vaults_ring, uniq_zenata
Vaults:5
Depths:1: layout_cave_shapes, hellmouth_2, abyss_entry,
          kennysheep_cluttered_room, minivault_16, nzn_wu_jian_council_hall
Depths:2: grunt_deathspiral_large, layout_gridlike, enter_ziggurat_c,
          hell_entry, mu_enter_wizlab_3, abyss_entry_small_statue_room,
          rand_demon_pan_entry_5, hangedman_abyss_or_decor_stagger
Depths:3: minmay_haunted_quarter, layout_basic, fedhas_altar_1, hell_entry,
          abyss_entry, infiniplex_staircase_squiggle
Depths:4: grunt_zot_entry_gee_three, layout_basic,
          chequers_serial_rivers_room_b, hell_entry
Zot:1:    layout_misc_corridors, hangedman_hellfire_club
Zot:2:    layout_basic
Zot:3:    layout_cellular_growth, st_stairs_9, regret_index_zotdec_ex,
          regret_index_zotdec_twisting_globes
Zot:4:    layout_concentric_octagons, hangedman_zot_decor_slant,
          hangedman_elemental_grid_stream
Zot:5:    layout_gridville, nrook_zot_tub

Skill      XL: |  1  2  3  4  5  6  7  8  9 10 11 12 13 14 15 16 17 18 19 20 21 22 23 24 |
---------------+-------------------------------------------------------------------------+-----
Axes           | 4 5 7 9 10 13 14 16 17 18 19 20 | 20.0
Fighting       | 4 5 6 7 8 9 10 12 15 19 20 | 20.0
Shields        | 1 3 4 5 8 12 14 15 16 18 19 20 | 20.0
Evocations     | 2 4 5 8 11 13 14 | 14.0
Armour         | 3 4 6 7 8 10 12 13 15 17 18 19 20 | 20.0
Dodging        | 3 5 7 8 9 10 12 13 | 13.4
Invocations    | 4 9 12 15 19 20 | 20.1
Throwing       | 1 5 8 11 14 | 14.6

Action                     |  1- 3 |  4- 6 |  7- 9 | 10-12 | 13-15 | 16-18 | 19-21 | 22-24 || total
---------------------------+-------+-------+-------+-------+-------+-------+-------+-------++-------
  Melee: Hand axe          |    93 |   189 |   298 |       |       |       |       |       ||   580
         War axe           |       |       |   175 |   711 |   908 |       |       |       ||  1794
         Whip              |       |       |       |     8 |    12 |       |       |       ||    20
         Broad axe         |       |       |       |       |   345 |  1403 |  1462 |  1521 ||  4731
  Throw: Dart              |       |       |       |     6 |    16 |     2 |     4 |       ||    28
         Boomerang         |       |       |       |       |       |       |       |    51 ||    51
 Invoke: Berserk           |       |     2 |     3 |     2 |     2 |       |     6 |     1 ||    16
         Trog's Hand       |       |     1 |     1 |     1 |     8 |     5 |     9 |    11 ||    36
         Brothers in Arms  |       |       |       |     2 |     8 |     3 |     6 |     2 ||    21
  Evoke: Wand              |       |       |     3 |     9 |    21 |    13 |     3 |    21 ||    70
         Phantom mirror    |       |       |       |       |     1 |       |     2 |       ||     3
         Condenser vane    |       |       |       |       |       |     1 |     1 |       ||     2
         Lightning rod     |       |       |       |       |       |       |     2 |     4 ||     6
         Phial of floods   |       |       |       |       |       |       |     1 |       ||     1
         Sack of spiders   |       |       |       |       |       |       |     1 |       ||     1
    Use: Scroll            |     3 |       |     8 |     9 |    23 |     3 |     8 |    23 ||    77
         Potion            |       |       |     2 |     1 |     2 |     1 |     2 |    15 ||    23
   Stab: Sleeping          |     1 |       |       |       |       |       |       |       ||     1
         Invisible         |       |       |       |    13 |     8 |       |       |    19 ||    40
         Distracted        |       |       |       |       |     1 |     1 |     2 |     2 ||     6
         Paralysed         |       |       |       |       |     1 |       |       |       ||     1
         Confused          |       |       |       |       |       |       |     1 |       ||     1
 Armour: Animal skin       |    47 |    16 |       |       |       |       |       |       ||    63
         Scale mail        |       |    35 |       |       |       |       |       |       ||    35
         Chain mail        |       |    59 |   143 |   465 |   788 |  1082 |   152 |       ||  2689
         Plate armour      |       |       |   183 |       |       |       |   706 |   910 ||  1799
  Dodge: Dodged            |    52 |    75 |   133 |   224 |   276 |   471 |   341 |   399 ||  1971
  Block: Buckler           |       |    15 |    69 |    59 |       |       |       |       ||   143
         Kite shield       |       |       |       |   297 |   823 |  1042 |   955 |   921 ||  4038

Table legend: (Time is in decaauts)
 A = Elapsed time spent in this place.
 B = Non-inter-level travel time spent in this place.
 C = Inter-level travel time spent in this place.
 D = Time resting spent in this place.
 E = Time spent auto-exploring this place.
 F = Levels seen in this place.
 G = Mean time per level.
                   A        B        C        D        E       F      G
               +--------+--------+--------+--------+--------+-----+--------+
         Total |  57029 |  51004 |   6025 |   9614 |  28399 |  50 | 1140.6 |
       Dungeon |  14352 |  11792 |   2560 |    794 |   8021 |  15 |  956.8 |
          Lair |   7252 |   6598 |    654 |    662 |   4113 |   5 | 1450.4 |
         Swamp |   4051 |   3709 |    342 |   1277 |   1513 |   4 | 1012.8 |
   Spider Nest |   5536 |   5260 |    276 |    777 |   3339 |   4 | 1384.0 |
  Orcish Mines |   1887 |   1414 |    473 |      0 |    984 |   2 |  943.5 |
   Elven Halls |   3588 |   3209 |    379 |    672 |   1597 |   3 | 1196.0 |
        Vaults |   8559 |   7996 |    563 |    986 |   4757 |   5 | 1711.8 |
        Depths |   5250 |   4605 |    645 |    268 |   3331 |   4 | 1312.5 |
           Zot |   4505 |   4377 |    128 |   3224 |    342 |   5 |  901.0 |
       Volcano |    553 |    553 |      0 |    240 |     98 |   1 |  553.0 |
        Wizlab |   1055 |   1055 |      0 |    550 |    175 |   1 | 1055.0 |
      Gauntlet |    435 |    435 |      0 |    159 |    126 |   1 |  435.0 |
               +--------+--------+--------+--------+--------+-----+--------+

Top non-repeatable levels by time:
   Zot:5: 3601 daAuts
    D:10: 2479 daAuts
Vaults:5: 2258 daAuts
  Lair:5: 2104 daAuts
   Elf:3: 1870 daAuts
Vaults:3: 1850 daAuts
Spider:2: 1818 daAuts
Vaults:2: 1776 daAuts
  Lair:2: 1651 daAuts
Depths:2: 1522 daAuts
Spider:4: 1495 daAuts
Vaults:4: 1471 daAuts
 Swamp:4: 1467 daAuts
Depths:1: 1444 daAuts
Spider:3: 1374 daAuts

Table legend:
 A = Kills in this place as a percentage of kills in the entire game.
 B = Kills by you in this place as a percentage of kills by you in the entire game.
 C = Kills by friends in this place as a percentage of kills by friends in the entire game.
 D = Other kills in this place as a percentage of other kills in the entire game.
 E = Experience gained in this place as a percentage of experience gained in the entire game.
 F = Experience gained in this place divided by the number of levels of this place that you have seen.
                   A       B       C       D       E      F
               +-------+-------+-------+-------+-------+----------------------
         Total | 100.0 | 100.0 | 100.0 | 100.0 | 100.0 | 22493.4
       Dungeon |  18.2 |  18.9 |   6.2 |   4.5 |   6.2 | 4662.3
          Lair |  12.2 |  10.5 |  53.8 |   9.1 |   6.8 | 15357.0
         Swamp |   6.5 |   6.3 |   6.2 |  22.7 |   6.1 | 17232.5
   Spider Nest |  11.7 |  12.2 |   1.2 |   4.5 |   8.7 | 24552.5
  Orcish Mines |   6.4 |   6.4 |   7.5 |   0.0 |   2.3 | 12653.0
   Elven Halls |   6.4 |   6.5 |   5.0 |   9.1 |   8.4 | 31619.7
        Vaults |  23.0 |  23.5 |  13.8 |   9.1 |  34.4 | 77327.2
        Depths |   6.9 |   7.3 |   0.0 |   0.0 |  10.6 | 29781.5
           Zot |   4.7 |   4.3 |   5.0 |  36.4 |  12.3 | 27680.4
       Volcano |   0.8 |   0.9 |   0.0 |   0.0 |   0.4 | 4121.0
        Wizlab |   2.6 |   2.8 |   0.0 |   0.0 |   3.4 | 38491.0
      Gauntlet |   0.6 |   0.5 |   1.2 |   4.5 |   0.3 | 3871.0
               +-------+-------+-------+-------+-------+----------------------
